 Dungeon Crawl Stone Soup version 0.22-a0-521-gb1378044ac (webtiles) character file.

156 Oravi the Conjurer (level 5, -9/28 HPs)
             Began as a Tengu Wizard on June 20, 2018.
             Killed by divine providence
             ... invoked by an orc priest
              (11 damage)
             ... on level 3 of the Dungeon.
             The game lasted 00:10:20 (3269 turns).

Oravi the Conjurer (Tengu Wizard)                   Turns: 3269, Time: 00:10:21

Health: -9/28      AC:  4    Str:  9    XL:     5   Next: 37%
Magic:  10/12      EV: 12    Int: 23    God:
Gold:   184        SH:  0    Dex: 12    Spells: 11/12 levels left

rFire    . . .     SeeInvis .   j - +0 whip
rCold    . . .     Gourm    +   (no shield)
rNeg     . . .     Faith    .   a - +0 robe
rPois    .         Spirit   .   b - +1 hat
rElec    .         Reflect  .   (no cloak)
rCorr    .         Harm     .   o - +0 pair of gloves
MR       .....                  (boots unavailable)
Stlth    ++........             h - amulet of the gourmand
HPRegen  0.09/turn              s - +3 ring of intelligence
MPRegen  0.13/turn              l - +2 ring of strength

@: no status effects
A: beak, talons 3, able to fly 1
a: Fly


You were on level 3 of the Dungeon.
You were completely stuffed.

You visited 1 branch of the dungeon, and saw 3 of its levels.

You collected 184 gold pieces.

Inventory:

Hand Weapons
 j - a +0 whip (weapon)
Missiles
 f - 124 stones (quivered)
Armour
 a - a +0 robe (worn)
 b - a +1 hat (worn)
 n - a +0 large shield
 o - a +0 pair of gloves (worn)
Jewellery
 h - an amulet of the gourmand (around neck)
 l - a +2 ring of strength (right hand)
 s - a +3 ring of intelligence (left hand)
Scrolls
 c - a scroll of identify
 e - 2 scrolls of teleportation
 m - a scroll of fear {unknown}
 r - a scroll of noise {unknown}
Potions
 g - a potion of might {unknown}
 i - a potion of cancellation {unknown}
 k - 4 potions of curing {unknown}
 p - a potion of invisibility {unknown}
Comestibles
 d - 3 rations


   Skills:
 - Level 2.1 Dodging
 - Level 2.0 Stealth
 + Level 4.4 Spellcasting
 + Level 4.8 Conjurations
   Level 1.2 Summonings
   Level 0.7 Translocations


You had 11 spell levels left.
You knew the following spells:

 Your Spells              Type           Power        Failure   Level  Hunger
a - Magic Dart            Conj           ####         1%          1    None

Your spell library contained the following spells:

 Spells                   Type           Power        Failure   Level  Hunger
 Conjure Flame            Conj/Fire      ###.....     11%         3    ##.....
 Slow                     Hex            #.......     16%         2    None
 Mephitic Cloud           Conj/Pois/Air  ##......     16%         3    ##.....
 Blink                    Tloc           N/A          12%         2    None
 Call Imp                 Summ           ##......     10%         2    None


Dungeon Overview and Level Annotations

Branches:
Dungeon (3/15)

Altars:


Innate Abilities, Weirdness & Mutations

You have a beak for a mouth.
You have claws for feet.
You can fly.


Message History

Casting: Magic Dart (safe; 1% risk of failure)
Confirm with . or Enter, or press ? or * to list all spells.
Aiming: Magic Dart (safe; 1% risk of failure)
Press: ? - help, Shift-Dir - straight line, f/p - orc priest
Aim: an orc priest, wielding a hand axe The magic dart hits the orc priest.
The orc priest is moderately wounded.
The orc priest shouts!
You hear a shout!
An orc comes into view. It is wielding a hand axe.
The orc priest invokes the aid of Beogh against you.
Beogh smites you!
Ouch! That really hurt!
The orc priest calls down the wrath of Beogh upon you.
Beogh smites you!
* * * LOW HITPOINT WARNING * * *
You hear a shout!
Okay, then.
The orc priest mumbles some strange prayers to Beogh against you.
Beogh smites you!
You die...

#............
........)# ##
#......# ..o #..)...#
....############..##
...o........####..##
........)..........#
o..(...............#
....#....@.........#
## #.).....#####..##
# ##......# #...##.#
#......# ##.....#
#......# #..####
#......# #...#
#############...#####
###.....##........
#.......##...#####


You could see 2 orc priests.

Vanquished Creatures
  An orc wizard (D:3)
  6 adders
  A worm (D:2)
  3 dart slugs (D:1)
  2 leopard geckos (D:1)
  5 orcs (D:3)
  A giant cockroach (D:1)
  5 goblins
  6 hobgoblins
  8 jackals
  A ball python (D:3)
  6 bats
  7 frilled lizards
  5 kobolds
  A quokka skeleton (D:2)
  8 rats
66 creatures vanquished.

Notes
Turn   | Place    | Note
-------+----------+-------------------------------------------
     0 | D:1      | Oravi the Tengu Wizard began the quest for the Orb.
     0 | D:1      | Reached XP level 1. HP: 10/10 MP: 5/5
   208 | D:1      | Reached XP level 2. HP: 15/15 MP: 2/7
   739 | D:1      | Reached XP level 3. HP: 10/19 MP: 1/9
  1840 | D:2      | Reached XP level 4. HP: 24/24 MP: 8/10
  2905 | D:3      | Gained mutation: You can fly. [Tengu growth]
  2905 | D:3      | Reached XP level 5. HP: 21/28 MP: 2/12
  3269 | D:3      | Killed from afar by an orc priest

Vault maps used:
D:1:      ncdulo_wetmaze, columned_hall_lemuel
D:2:      minmay_door_path
D:3:      nemelex_xobeh_ov_fountains_minmay, kennysheep_generic_room_8

Skill      XL: |  1  2  3  4 |
---------------+-------------+-----
Conjurations   | 2 3 4 |  4.8
Spellcasting   | 4 |  4.4
Dodging        | |  2.1
Stealth        | |  2.0
Summonings     | |  1.2
Translocations | |  0.7

Action                   |  1- 3 |  4- 6 || total
-------------------------+-------+-------++-------
Melee: Unarmed           |     9 |       ||     9
       Kick              |     5 |     5 ||    10
       Whip              |     6 |    20 ||    26
       Peck              |     1 |       ||     1
Throw: Stone             |    15 |     1 ||    16
 Cast: Magic Dart        |    87 |    66 ||   153
  Use: Scroll            |     3 |     3 ||     6
  Eat: Chunk             |     8 |    11 ||    19
Armor: Robe              |     7 |     2 ||     9
Dodge: Dodged            |    28 |    24 ||    52

Table legend:
 A = Spawn XP
 B = Non-spawn XP
 C = Spawn XP percentage of total XP
 D = Spawn monster count
 E = Non-spawn monster count
 F = Spawn count percentage of total count
 G = Total turns spent on level
                    A         B        C        D         E        F      G
               +---------+---------+-------+---------+---------+-------+---------
         Total |       0 |     223 |   0.0 |       0 |      66 |   0.0 |  3269
               +---------+---------+-------+---------+---------+-------+---------
           D:1 |       0 |      51 |   0.0 |       0 |      28 |   0.0 |  1267
           D:2 |       0 |      72 |   0.0 |       0 |      22 |   0.0 |  1333
           D:3 |       0 |     100 |   0.0 |       0 |      16 |   0.0 |   669
               +---------+---------+-------+---------+---------+-------+---------
